 Dungeon Crawl Stone Soup version 0.21.1-1-g345015f (webtiles) character file.

2744 Iko the Cleaver (level 9, -5/126 HPs)
             Began as a Deep Dwarf Chaos Knight on May 3, 2018.
             Slain by a fire elemental (9 damage)
             ... summoned by a deep elf mage
             ... on level 15 of the Dungeon.
             The game lasted 00:28:58 (1945 turns).

Iko the Cleaver (Deep Dwarf Chaos Knight)           Turns: 1945, Time: 00:28:59

Health: -5/126     AC:  5    Str: 22    XL:     9   Next: 41%
Magic:  2/2        EV: 14    Int: 14    God:    Xom [*.....]
Gold:   133        SH:  0    Dex: 13    Spells: 8/8 levels left

rFire    . . .     SeeInvis .   a - +0 hand axe (elec)
rCold    . . .     Gourm    .   (no shield)
rNeg     . . .     Faith    .   b - +2 leather armour
rPois    .         Spirit   .   (no helmet)
rElec    .         Reflect  .   (no cloak)
rCorr    .         Harm     .   (no gloves)
MR       +....                  (no boots)
Stlth    ..........             (no amulet)
HPRegen  0.00/turn              d - ring of stealth
MPRegen  0.08/turn              (no ring)

@: berserking (expiring), non-regenerating, very quick
A: damage resistance, heal wounds, sense surroundings 2, no regeneration
a: Heal Wounds, Renounce Religion


You were on level 15 of the Dungeon.
You worshipped Xom.
You were a special plaything of Xom.
You were not hungry.

You visited 1 branch of the dungeon, and saw 15 of its levels.

You collected 133 gold pieces.

Inventory:

Hand Weapons
 a - a +0 hand axe of electrocution (weapon)
Armour
 b - a +2 leather armour (worn)
Jewellery
 d - a ring of stealth (left hand)
Scrolls
 g - a scroll of remove curse
 h - 2 scrolls of teleportation
Potions
 i - a potion of lignification
 k - a potion of magic
 m - 2 potions of berserk rage
Comestibles
 c - 4 rations


   Skills:
 + Level 6.3 Fighting
 + Level 9.2 Axes
 + Level 4.2 Armour
 + Level 5.4 Dodging
 + Level 6.9 Stealth
   Level 1.4 Evocations


You had 8 spell levels left.
You didn't know any spells.

Dungeon Overview and Level Annotations

Branches:
Dungeon (15/15)              Lair (0/6) D:10
 Temple: D:4-7          Orc: D:9-12      Vaults: D:13-14     Depths: D:15

Altars:


Innate Abilities, Weirdness & Mutations

You are resistant to damage.
You can heal yourself by infusing magical energy.
You passively map the area around you.
You do not regenerate.


Message History

The fire elemental is severely damaged.
You barely miss the fire elemental. You hit the fire elemental.
The fire elemental completely misses you.
The fire elemental hits you. The fire elemental burns you!
* * * LOW HITPOINT WARNING * * *
The fire elemental hits you. The fire elemental burns you!
* * * LOW HITPOINT WARNING * * *
The deep elf mage gestures wildly while chanting.
The deep elf mage blinks!
You slash the fire elemental!
You destroy the fire elemental!
You hit the fire elemental. x2; The fire elemental hits you.
The fire elemental burns you!
* * * LOW HITPOINT WARNING * * *
The fire elemental hits you. The fire elemental burns you!
* * * LOW HITPOINT WARNING * * *
You feel a strong urge to attack something.
The fire elemental hits you. The fire elemental burns you!
You die...
Xom snickers!

..##......## , *
,...........## .. * *
............#####...
,
.........e.........#
*
*##.................#
,
#..#####....#####.##
* , #.. ###..## *..#
* ... ##..### ..# ,,
.., #..@.##..###.. *
, * ##..§EE........*
,, , *
#.....§§.##...# *
##.......#* . *
##......# * ** ,
#......# * , ##.....#
, , * * #....... *,
,,** ##.....## *


You could see a deep elf mage and 2 fire elementals.

Vanquished Creatures
  The ghost of kae the Slasher, a novice FoAK of Lugonu (D:5)
  A centaur zombie (D:12)
  A meliai (shapeshifter) (D:14)
  A human (shapeshifter) (D:13)
  A wraith (D:10)
  The ghost of kae the Shield-Bearer, an amateur FoFi (D:3)
  A vampire mosquito (D:14)
  A hungry ghost (D:12)
  A big kobold (D:10)
  3 bullfrogs
  8 killer bees
  A howler monkey (D:6)
  A crimson imp (D:7)
  An orc priest (D:4)
  A centaur skeleton (D:9)
  3 orc wizards
  3 worker ants
  3 adders
  An ooze (D:3)
  A worm (D:2)
  6 leopard geckos
  8 orcs
  4 ball pythons (D:3)
  A giant cockroach (D:7)
  2 goblins
  A hobgoblin (D:2)
  5 jackals
  2 quokkas
  3 bats
  4 frilled lizards
  5 kobolds
  6 rats
82 creatures vanquished.

Vanquished Creatures (collateral kills)
  A dart slug (D:2)
  A bat (D:2)
2 creatures vanquished.

Vanquished Creatures (others)
  A vampire mosquito (D:13)
1 creature vanquished.

Grand Total: 85 creatures vanquished

Notes
Turn   | Place    | Note
-------+----------+-------------------------------------------
     0 | D:1      | Iko the Deep Dwarf Chaos Knight began the quest for the Orb.
     0 | D:1      | Reached XP level 1. HP: 20/20 MP: 1/1
   125 | D:1      | Reached XP level 2. HP: 22/27 MP: 2/2
   196 | D:2      | XOM: harmless Fire miscast
   212 | D:2      | XOM: noise
   256 | D:2      | Reached XP level 3. HP: 26/34 MP: 3/3
   275 | D:2      | Reached skill level 4 in Axes
   324 | D:2      | XOM: blink monster(s)
   433 | D:3      | XOM: mild Chrm miscast
   438 | D:3      | Noticed kae's ghost (amateur FoFi)
   448 | D:3      | Killed kae's ghost
   448 | D:3      | Reached skill level 5 in Axes
   448 | D:3      | Reached skill level 1 in Stealth
   448 | D:3      | Reached XP level 4. HP: 24/43 MP: 4/4
   448 | D:3      | Reached XP level 5. HP: 27/49 MP: 5/5
   688 | D:4      | Reached XP level 6. HP: 40/57 MP: 6/6
   700 | D:5      | Entered Level 5 of the Dungeon
   703 | D:5      | Noticed kae's ghost (novice FoAK)
   739 | D:5      | XOM: cloud trail
   761 | D:5      | XOM: summons friendly iron imp
   763 | D:5      | XOM: enchant monster (bad)
   770 | D:5      | XOM: potion effect (might)
   771 | D:5      | XOM: potion effect (invisibility)
   787 | D:5      | Killed kae's ghost
   787 | D:5      | Reached skill level 6 in Axes
   787 | D:5      | Reached skill level 1 in Evocations
   787 | D:5      | Reached XP level 7. HP: 35/66 MP: 6/6
   827 | D:6      | Reached skill level 7 in Axes
   972 | D:7      | XOM: confuse monster(s)
   976 | D:7      | XOM: confuse monster(s)
   990 | D:7      | Reached skill level 5 in Fighting
   990 | D:7      | Reached XP level 8. HP: 54/74 MP: 6/6
  1109 | D:8      | XOM: cast spell 'Olgreb's Toxic Radiance'
  1147 | D:8      | XOM: potion effect (heal wounds)
  1182 | D:9      | Reached skill level 8 in Axes
  1186 | D:9      | XOM: confuse monster(s)
  1188 | D:9      | Reached skill level 5 in Stealth
  1225 | D:10     | Entered Level 10 of the Dungeon
  1406 | D:10     | Found Jeijie's Gadget Emporium.
  1584 | D:12     | Gained mutation: You passively map the area around you. [Deep Dwarf growth]
  1584 | D:12     | Reached XP level 9. HP: 73/82 MP: 6/6
  1649 | D:12     | XOM: cloud trail
  1711 | D:13     | XOM: 5-stop teleportation journey
  1715 | D:13     | Noticed an orb spider
  1715 | D:13     | XOM: god gift: ration
  1719 | D:13     | XOM: divination: detect items
  1735 | D:13     | XOM: fog
  1747 | D:13     | XOM: summons friendly ufetubus
  1767 | D:13     | Reached skill level 9 in Axes
  1769 | D:13     | XOM: divination: magic mapping
  1774 | D:13     | XOM: cleaving
  1787 | D:13     | XOM: summons 3 friendly demons
  1796 | D:13     | XOM: divination: magic mapping
  1806 | D:14     | Reached skill level 5 in Dodging
  1818 | D:14     | XOM: confuse monster(s)
  1840 | D:14     | Noticed a meliai
  1856 | D:14     | XOM: cleaving
  1862 | D:14     | Killed a meliai
  1880 | D:15     | Entered Level 15 of the Dungeon
  1910 | D:15     | XOM: mild Fire miscast
  1922 | D:15     | Noticed a deep elf mage
  1923 | D:15     | XOM: medium Hex miscast
  1943 | D:15     | HP: 4/126 [fire elemental[a deep elf mage] (10)]
  1945 | D:15     | Slain by a fire elemental

Skill      XL: |  1  2  3  4  5  6  7  8  9 |
---------------+----------------------------+-----
Fighting       | 3 4 5 6 |  6.3
Axes           | 5 6 7 8 9 |  9.2
Dodging        | 2 3 4 5 |  5.4
Stealth        | 1 2 3 6 |  6.9
Armour         | 3 4 |  4.2
Evocations     | 1 |  1.4

Action                   |  1- 3 |  4- 6 |  7- 9 || total
-------------------------+-------+-------+-------++-------
Melee: Hand axe          |   101 |    59 |   193 ||   353
 Abil: Heal Wounds       |     3 |     3 |    24 ||    30
Evoke: Wand              |       |     3 |     5 ||     8
  Use: Scroll            |     3 |     2 |    13 ||    18
       Potion            |     2 |       |     3 ||     5
 Stab: Paralysed         |     3 |       |     1 ||     4
       Sleeping          |     1 |     2 |     4 ||     7
       Petrifying        |     1 |       |       ||     1
       Confused          |       |     1 |     2 ||     3
       Petrified         |       |       |     8 ||     8
  Eat: Ration            |       |       |     2 ||     2
Armor: Leather armour    |    51 |     9 |    43 ||   103
Dodge: Dodged            |    70 |    22 |   193 ||   285
